 Dungeon Crawl Stone Soup version 0.31.0-1-g2c135a0 (webtiles) character file.

Game seed: 313227297879533614

6396 18rune the Metamorph (level 10, -4/111 HPs)
             Began as a Merfolk Shapeshifter on Feb 18, 2024.
             Was a Follower of Wu Jian.
             Slain by a vampire (9 damage)
             ... on level 9 of the Dungeon.
             The game lasted 00:15:58 (7861 turns).

18rune the Metamorph (Merfolk Shapeshifter)         Turns: 7861, Time: 00:15:58

Health: -4/111     AC: 25    Str: 16    XL:     10   Next: 98%
Magic:  10/10      EV:  2    Int:  9    God:    Wu Jian [*.....]
Gold:   250        SH:  0    Dex: 17    Spells: 9/9 levels left

rFire   . .          .
                       - Unarmed
rCold   . . .        (no shield)
rNeg    . . .        i - melded +3 swamp dragon scales
rPois   +            (helmet currently unavailable)
rElec   .            (cloak currently unavailable)
rCorr   +            (gloves currently unavailable)
SInv    .            (boots currently unavailable)
Will    .....        m - amulet of magic regeneration
Stlth   ++           q - +4 ring of slaying
HPRegen 0.38/turn    t - ring of resist corrosion
MPRegen 0.52/turn

%: no passive effects
@: mighty, tree-form
A: stationary, stasis, torment immunity, boosted hp, (nimble swimmer 2),
(mertail)
a: Renounce Religion


You were on level 9 of the Dungeon.
You worshipped Wu Jian.
Wu Jian was aware of your devotion.
You were a tree.
You visited 2 branches of the dungeon, and saw 10 of its levels.
You also visited: Ossuary.

You collected 482 gold pieces.
You spent 232 gold pieces at shops.

Inventory:

Missiles
 s - a throwing net (quivered)
Armour
 i - +3 swamp dragon scales (melded)
 w - a +0 cloak of poison resistance
 E - a +2 hat
Jewellery
 m - an amulet of magic regeneration (around neck)
 q - a +4 ring of slaying (left branch)
 t - a ring of resist corrosion (right branch)
 y - a ring of protection from cold
Talismans
 c - a beast talisman
 g - a maw talisman
Wands
 a - a wand of polymorph (11)
 d - a wand of quicksilver (10)
 k - a wand of charming (6)
Scrolls
 h - 5 scrolls of teleportation
 l - 2 scrolls of torment
 o - a scroll of poison
 p - a scroll of amnesia {unknown}
 r - 2 scrolls of fear
 x - a scroll of blinking
 z - 2 scrolls of fog
 D - a scroll of identify
Potions
 b - a potion of attraction
 e - a potion of mutation {unknown}
 f - a potion of magic
 j - a potion of resistance {unknown}
 n - 8 potions of curing
 v - a potion of ambrosia {unknown}
 A - 2 potions of cancellation {unknown}
 B - a potion of lignification
 C - a potion of might


   Skills:
 - Level 5.0 Fighting
 - Level 3.4 Dodging
 - Level 0.6 Stealth
 + Level 10.5 Unarmed Combat
 * Level 15.2 Shapeshifting


You had 9 spell levels left.
You didn't know any spells.
Your spell library contained the following spells:

 Spells                   Type           Power      Damage    Failure   Level
 Cigotuvi's Dreadful Rot  Necr/Alch/Air  0%         N/A       52%         2
 Ensorcelled Hibernation  Hex/Ice        0%         N/A       52%         2
 Fugue of the Fallen      Necr           0%         N/A       77%         3
 Inner Flame              Hex/Fire       0%         N/A       77%         3
 Anguish                  Hex/Necr       0%         N/A       99%         4
 Animate Dead             Necr           0%         N/A       99%         4
 Dispel Undead            Necr           0%         3d6       99%         4
 Flame Wave               Conj/Fire      0%         2d4       99%         4
 Martyr's Knell           Necr/Summ      0%         N/A       99%         4
 Sticky Flame             Fire/Alch      0%         2d4       99%         4
 Borgnjor's Vile Clutch   Necr/Erth      0%         N/A       100%        5
 Death Channel            Necr           0%         N/A       100%        6


Dungeon Overview and Level Annotations

Branches:
Dungeon (9/15)             Temple (1/1) D:6            Lair (0/5) D:9
Ossuary (visited)
    Orc: D:9-12

Altars:
Ashenzari
Cheibriados
Dithmenos
Elyvilon
Fedhas
Gozag
Hepliaklqana
Kikubaaqudgha
Makhleb
Nemelex Xobeh
Okawaru
Qazlal
Ru
Sif Muna
Trog
Uskayaw
Vehumet
Wu Jian
Xom
Yredelemnul
Zin
The Shining One

Shops:
D:1 [   D:6 ?((

Annotations:
D:6 3 runed translucent doors, anarkitty's ghost, novice TeCj


Innate Abilities, Weirdness & Mutations

You are a tree.
Your roots penetrate the ground, keeping you stationary.
You cannot be teleported.
You are immune to unholy pain and torment.
Your maximum health is greatly increased.
Your equipment is partially melded.
((You are very nimble when in or above water. (Stealth+, EV+, Speed+++)))
((Your lower body shifts to a powerful aquatic tail in water.))


Message History

You miss something. Something hits you but does no damage. Something bites you!
Something draws strength from your injuries!
You closely miss something. Your punch misses something.
Something hits you but does no damage. Something bites you.
Something draws strength from your injuries!
You closely miss something. You punch something!
Something hits you but does no damage. Something bites you.
Something draws strength from your injuries!
You hit something but do no damage. Something hits you!
Something bites you but does no damage.
You punch something!
You hear some strange, mumbled words.
Something tries to affect you, but you resist.
You hit something. Something draws life force from you!
You miss something. You punch something! Something hits you but does no damage.
Something bites you!
Something draws strength from your injuries!
You barely miss something. Something draws life force from you.
* * * LOW HITPOINT WARNING * * *
You feel much better. Something hits you. Something bites you!
Something draws strength from your injuries!
You feel very mighty all of a sudden. Something hits you!
* * * LOW HITPOINT WARNING * * *
Something bites you.
* * * LOW HITPOINT WARNING * * *
Something draws strength from your injuries!
You closely miss something. Something hits you.
* * * LOW HITPOINT WARNING * * *
Something bites you!
* * * LOW HITPOINT WARNING * * *
Something draws strength from your injuries!
Your transformation has ended.
You turn into a tree.
Your +3 swamp dragon scales melds into your body.
Your roots penetrate the ground.
Something hits you but does no damage. Something bites you!
You die...

#...# #.# #...# #.#
#...# #.# #...# #.#
#...# #.# #...# #.#
####...#####.# ###
...<.........######.....
(.....^.........♣{......
########################


There were no monsters in sight!

Vanquished Creatures
  Gastronok (D:8)
  An elephant (D:9)
  A komodo dragon (D:8)
  A hornet (D:8)
  Grinder (D:6)
  Sigmund (D:2)
  A yak (D:9)
  Eustachio (D:4)
  3 water moccasins
  2 ice beasts
  An orc warrior (D:8)
  2 sky beasts
  3 black bears
  2 ogres
  A centaur (D:7)
  A phantom (D:5)
  A kobold brigand (D:8)
  4 elf zombies (Ossuary)
  6 bullfrogs
  3 scorpions
  6 killer bees (D:7)
  2 electric eels (D:6)
  4 howler monkeys
  A centaur zombie (Ossuary)
  2 bombardier beetles
  A gnoll bouda (D:5)
  2 human zombies (Ossuary)
  4 hounds
  2 jellies
  A sleepcap (D:7)
  Crazy Yiuf (D:7)
  2 iguanas
  Ijyb (D:4)
  7 orc wizards
  6 hound zombies (Ossuary)
  2 mummies (Ossuary)
  14 gnolls
  11 adders
  A white imp (D:6)
  6 adder zombies (Ossuary)
  9 dart slugs
  26 orcs
  6 endoplasms
  2 giant cockroaches
  4 goblins
  2 hobgoblins
  13 jackals
  6 quokkas
  9 ball pythons
  11 bats
  4 frilled lizards
  4 gnoll zombies (Ossuary)
  6 jackal zombies (Ossuary)
  5 kobolds
  5 kobold zombies (Ossuary)
  3 orc zombies (Ossuary)
  A quokka zombie (D:6)
  6 rats
  A rat zombie (D:6)
  3 butterflies (D:8)
239 creatures vanquished.

Vanquished Creatures (others)
  A hobgoblin (D:3)
1 creature vanquished.

Grand Total: 240 creatures vanquished

Notes
Turn   | Place    | Note
-------+----------+-------------------------------------------
     0 | D:1      | 18rune the Merfolk Shapeshifter began the quest for the
                  | Orb.
     0 | D:1      | Reached XP level 1. HP: 15/15 MP: 1/1
     7 | D:1      | Found Yriesm Xuer's Antique Armour Shoppe.
    25 | D:1      | Reached XP level 2. HP: 21/21 MP: 2/2
    92 | D:1      | You fall into a shaft and drop 1 floor!
   253 | D:1      | Reached XP level 3. HP: 26/26 MP: 3/3
  1087 | D:2      | Reached XP level 4. HP: 27/33 MP: 4/4
  1122 | D:2      | Noticed Sigmund
  1133 | D:2      | Killed Sigmund
  1134 | D:2      | Reached skill level 5 in Shapeshifting
  1134 | D:2      | Reached XP level 5. HP: 40/40 MP: 5/5
  1134 | D:2      | Reached XP level 6. HP: 46/46 MP: 6/6
  1561 | D:2      | Reached skill level 6 in Shapeshifting
  1794 | D:3      | Noticed an angel
  1797 | D:3      | Found a shimmering altar of Xom.
  1808 | D:3      | Found a glowing silver altar of Zin.
  1853 | D:3      | Reached skill level 5 in Unarmed Combat
  2184 | D:3      | Reached XP level 7. HP: 52/52 MP: 7/7
  2217 | D:3      | Reached skill level 7 in Shapeshifting
  2415 | D:4      | Noticed Eustachio
  2435 | D:4      | Killed Eustachio
  2616 | D:4      | Noticed Ijyb
  2625 | D:4      | Killed Ijyb
  2839 | D:4      | Reached skill level 8 in Shapeshifting
  2839 | D:4      | Reached XP level 8. HP: 56/61 MP: 8/8
  3285 | D:5      | Entered Level 5 of the Dungeon
  3350 | D:5      | Reached skill level 5 in Fighting
  3454 | D:5      | Reached skill level 9 in Shapeshifting
  3679 | D:5      | Found a snail-covered altar of Cheibriados.
  3679 | D:5      | Found a sacrificial altar of Ru.
  3687 | D:5      | Found a shadowy altar of Dithmenos.
  3688 | D:5      | Found a white marble altar of Elyvilon.
  3873 | D:5      | Found a basalt altar of Yredelemnul.
  3940 | D:5      | Reached skill level 10 in Shapeshifting
  4109 | D:6      | Noticed Grinder
  4112 | D:6      | Paralysed by Grinder for 4 turns
  4118 | D:6      | Killed Grinder
  4119 | D:6      | Reached XP level 9. HP: 68/68 MP: 9/9
  4323 | D:6      | Found Xyrupi Yruyc's Magic Scroll Shoppe.
  4331 | D:6      | Bought a scroll of enchant armour for 112 gold pieces
  4331 | D:6      | Bought a scroll of teleportation for 45 gold pieces
  4331 | D:6      | Bought a scroll of teleportation for 45 gold pieces
  4331 | D:6      | Bought a scroll of identify for 30 gold pieces
  4375 | D:6      | Found a runed translucent gate.
  4395 | D:6      | Found a sand-covered staircase.
  4404 | Ossuary  | Entered an ossuary
  4470 | Ossuary  | Reached skill level 11 in Shapeshifting
  4807 | D:6      | Found a runed translucent gate.
  4807 | D:6      | Found a runed translucent gate.
  4811 | D:6      | Noticed anarkitty's ghost (novice TeCj)
  4816 | D:6      | Found Nehi's Antique Weapon Emporium.
  4922 | D:6      | Found a staircase to the Ecumenical Temple.
  4953 | D:6      | Found Neunopug's Antique Weapon Shop.
  4986 | Temple   | Entered the Ecumenical Temple
  5002 | Temple   | Became a worshipper of the Wu Jian Council
  5164 | D:6      | Reached skill level 12 in Shapeshifting
  5609 | D:7      | Found a runed translucent door.
  5610 | D:7      | Noticed Crazy Yiuf
  6247 | D:7      | Reached XP level 10. HP: 66/74 MP: 10/10
  6252 | D:7      | Reached skill level 13 in Shapeshifting
  6253 | D:7      | Reached * piety under Wu Jian
  6339 | D:7      | Killed Crazy Yiuf
  6575 | D:8      | Noticed Gastronok
  6598 | D:8      | Killed Gastronok
  6599 | D:8      | Reached skill level 14 in Shapeshifting
  6831 | D:8      | Reached skill level 10 in Unarmed Combat
  7341 | D:9      | Noticed a two-headed ogre
  7620 | D:9      | Noticed an elephant
  7633 | D:9      | Killed an elephant
  7634 | D:9      | Reached skill level 15 in Shapeshifting
  7777 | D:9      | Found a staircase to the Lair.
  7860 | D:9      | HP: 3/74 [something (8)]
  7861 | D:9      | Slain by a vampire

Illustrated notes

Levels and vault maps discovered:
D:1:      minmay_arrival_semitransparent, layout_basic, serial_shops, shop,
          nrook_loot_triangle
D:2:      layout_rooms, corner_web_ring, uniq_sigmund
D:3:      layout_rooms, grunt_temple_overflow_order_and_chaos_1,
          nicolae_half_adder
D:4:      layout_loops_ring, uniq_ijyb, uniq_eustachio
D:5:      layout_basic, mainiacjoe_overflow_brackets,
          grunt_temple_overflow_open, minivault_11
D:6:      kennysheep_slugbush, layout_loops_ring, minmay_temple_entry_slanted,
          ebering_ghost_rock_garden, serial_shops, shop, shop, shop,
          enter_ossuary_4, uniq_grinder
D:7:      black_bear_nest_2, layout_basic, minmay_misc_feat_square,
          dreamdust_gnoll_farm, uniq_crazy_yiuf_cottage
D:8:      layout_loops_ring, grunt_decor_junction, hangedman_glass_garden,
          uniq_gastronok
D:9:      layout_long_grid, grunt_lair_entry_orc_guard_hut, hiddenorc1_lemuel,
          minmay_ruffians
Temple:   nicolae_temple_bog_church

Skill      XL: |  1  2  3  4  5  6  7  8  9 10 |
---------------+-------------------------------+-----
Dodging        | 3 |  3.4
Unarmed Combat | 4 5 7 9 10 | 10.5
Fighting       | 2 3 4 5 |  5.0
Shapeshifting  | 5 6 8 10 12 15 | 15.2
Stealth        | |  0.6

Action                     |  1- 3 |  4- 6 |  7- 9 | 10-12 || total
---------------------------+-------+-------+-------+-------++-------
  Melee: Unarmed           |    84 |    92 |   403 |   125 ||   704
         Punch             |     1 |     4 |    17 |    11 ||    33
         Tailslap          |       |       |     1 |       ||     1
Ability: Lunge             |       |       |    11 |     7 ||    18
         Whirlwind         |       |       |       |     2 ||     2
    Use: Potion            |     1 |       |     4 |    11 ||    16
         Scroll            |     3 |     6 |    10 |     4 ||    23
   Stab: Sleeping          |     4 |       |       |       ||     4
 Armour: Skin              |    55 |       |       |    16 ||    71
         Animal skin       |    36 |       |       |       ||    36
         Swamp dragon scal |     7 |    54 |   208 |    71 ||   340
  Dodge: Dodged            |    71 |    69 |   222 |    43 ||   405
